 Dungeon Crawl Stone Soup version 0.20-a0-991-g93344ec (webtiles) character file.

130 M4edhros the Slasher (level 4, -9/35 HPs)
             Began as a Mummy Chaos Knight on Apr 11, 2017.
             Mangled by a satyr (14 damage)
             ... on level 2 of the Dungeon.
             The game lasted 00:05:06 (15533 turns).

M4edhros the Slasher (Mummy Chaos Knight)          Turns: 15533, Time: 00:05:06

Health: -9/35      AC:  6    Str: 15    XL:     4   Next: 90%
Magic:  4/4        EV: 11    Int: 13    God:    Xom [..*...]
Gold:   111        SH:  0    Dex: 12    Spells: 3/3 levels left

rFire    x . .     SeeInvis .   j - +1 broad axe (chaos)
rCold    + . .     Gourm    +   (no shield)
rNeg     + + +     Faith    .   b - +3 leather armour
rPois    ∞         Spirit   .   (no helmet)
rElec    .         Reflect  .   (no cloak)
rCorr    .         Harm     .   (no gloves)
MR       +....                  (no boots)
Stlth    +.........             n - amulet of the gourmand
Regen    0.2/turn               h - ring of Xom's Generosity {rPois MR+ Int+2}
MPRegen  0.1/turn               (no ring)

@: cleaving, very slightly contaminated
A: no food or potions, fire vulnerability, cold resistance 1, negative energy
resistance 3, torment resistance, unbreathing
a: Renounce Religion


You were on level 2 of the Dungeon.
You worshipped Xom.
You were a toy of Xom.
You were not hungry.

You visited 1 branch of the dungeon, and saw 3 of its levels.

You collected 111 gold pieces.

Inventory:

Hand Weapons
 a - a +0 falchion of chaos
 i - a +0 broad axe
 j - a +1 broad axe of chaos (weapon)
 p - a +1 short sword of electrocution
Missiles
 l - 6 javelins of penetration (quivered)
Armour
 b - a +3 leather armour (worn)
 g - a +0 buckler
Jewellery
 h - the ring of Xom's Generosity (left hand) {rPois MR+ Int+2}
   (Xom gifted it to you on level 2 of the Dungeon)

   [ring of protection from magic]

   It affects your intelligence (+2).
   It protects you from poison.
   It affects your resistance to hostile enchantments.
 n - an amulet of the gourmand (around neck)
Scrolls
 c - 5 scrolls of identify {unknown}
 d - a scroll of remove curse
 m - a scroll of fear {unknown}
 o - a scroll of blinking {unknown}
Miscellaneous
 k - a fan of gales


   Skills:
 - Level 3.0 Fighting
 - Level 4.1 Long Blades
 * Level 1.7 Axes
 - Level 1.5 Armour
 - Level 0.7 Dodging


You had 3 spell levels left.
You didn't know any spells.

Dungeon Overview and Level Annotations

Branches:
Dungeon (3/15)

Altars:
Kikubaaqudgha
Xom


Innate Abilities, Weirdness & Mutations

You do not eat or drink.
Your flesh is vulnerable to fire.
You are immune to poison.
Your flesh is cold resistant. (rC+)
You are immune to negative energy. (rN+++)
You are immune to unholy pain and torment.
You can survive without breathing.


Message History

You barely miss the goblin.
Your butterfly is engulfed in mutagenic fog. x2
Your butterfly twists and deforms.
The goblin gestures wildly.
Unknown command.
As you read the scroll labeled ZUDIV VASU, it crumbles to dust.
You feel blessed for a moment.
It was a scroll of remove curse.
The satyr hits you!
* * * LOW HITPOINT WARNING * * *
The goblin closely misses you.
You can't drink.
Okay, then.
As you read the scroll labeled ZIGIRGH ODOOGAMP, it crumbles to dust.
It is a scroll of enchant armour.
Your +2 leather armour glows green for a moment.
The satyr closely misses you.
As you read the scroll labeled REUSUGROISE, it crumbles to dust.
The scroll dissolves into smoke.
It was a scroll of fog.
The satyr hits you!
You die...
Xom thinks this is hilarious!

## #.. #.##
#################.#.
#§c@gb......##....#.
#b########...#.#....
###b#######.#.#..#..[.
#####.....#...........#...
#...#.###.(.##..#.#...#.#.
#.#...#.................#.
#...#.#.#########.###.###.
##.##..P#.......#.# #.# #.
##.##.#P##.._..##.# #.# #.


You could see a satyr, a goblin (confused) and a bat.

Vanquished Creatures
  A gnoll (D:2)
  An adder (D:2)
  4 oozes (D:1)
  2 dart slugs (D:2)
  2 leopard geckos
  An orc (D:2)
  4 giant cockroaches
  5 hobgoblins
  7 jackals
  8 kobolds
  A quokka (D:2)
  A ball python (D:1)
  9 bats
  4 frilled lizards
  7 goblins
  7 rats
64 creatures vanquished.

Vanquished Creatures (collateral kills)
  3 gnolls (D:2)
  A bat (D:2)
  A goblin (D:2)
  A jackal (D:2)
  A ball python (D:2)
  2 frilled lizards (D:2)
9 creatures vanquished.

Grand Total: 73 creatures vanquished

Notes
Turn   | Place    | Note
-------+----------+-------------------------------------------
     0 | D:1      | M4edhros the Mummy Chaos Knight began the quest for the Orb.
     0 | D:1      | Reached XP level 1. HP: 18/18 MP: 1/1
   378 | D:1      | Reached XP level 2. HP: 23/24 MP: 2/2
   432 | D:1      | Reached skill level 3 in Long Blades
   580 | D:1      | XOM: harmless Pois miscast
   770 | D:1      | XOM: noise
  1247 | D:1      | XOM: harmless Ice miscast
  1617 | D:1      | XOM: divination: detect creatures
  1970 | D:1      | XOM: harmless Hex miscast
  2025 | D:1      | XOM: divination: detect items
  2104 | D:1      | XOM is BORED!
  2104 | D:1      | XOM: harmless Chrm miscast
  2205 | D:1      | XOM: noise
  2611 | D:1      | XOM: silly message
  2652 | D:1      | XOM: severe Conj miscast
  2701 | D:1      | XOM: harmless Hex miscast
  3037 | D:1      | Reached XP level 3. HP: 24/29 MP: 3/3
  3300 | D:1      | XOM: harmless Conj miscast
  3374 | D:1      | XOM: summons 1 hostile demon
  3415 | D:2      | Reached skill level 4 in Long Blades
  3492 | D:2      | Reached XP level 4. HP: 23/35 MP: 4/4
  3494 | D:2      | Found an ancient bone altar of Kikubaaqudgha.
  3601 | D:2      | XOM: god gift: fine pewter ring {god gift}
  3602 | D:2      | Got a fine pewter ring {god gift}
  3603 | D:2      | Identified the ring of Xom's Generosity {rPois MR+ Int+2} (Xom gifted it to you on level 2 of the Dungeon)
  3826 | D:1      | XOM: god gift: broad axe {god gift}
  3932 | D:1      | XOM: god gift: glowing broad axe {god gift}
  4175 | D:1      | XOM: god gift: fan of gales
  4236 | D:1      | XOM: god gift: scroll labeled JULAXK QYFF {god gift}
  4576 | D:1      | XOM: god gift: scroll labeled NIAROA TOERITO {god gift}
  4629 | D:1      | XOM: harmless Tloc miscast
  4737 | D:1      | XOM: silly message
  4999 | D:1      | XOM: noise
  5543 | D:1      | XOM: mild Summ miscast
  5568 | D:1      | XOM is BORED!
  5568 | D:1      | XOM: silly message
  5659 | D:1      | XOM: divination: detect creatures
  5727 | D:1      | XOM: divination: detect items
  5873 | D:1      | XOM: scenery: create altars
  6147 | D:1      | XOM: god gift: 6 javelins of penetration
  6251 | D:1      | XOM: scenery: create altars
  6482 | D:1      | XOM: scenery: create altars
  6647 | D:1      | XOM: cloud trail
  6747 | D:1      | XOM: cloud trail
  6938 | D:1      | XOM: scenery: create altars
  6980 | D:1      | XOM is BORED!
  6980 | D:1      | XOM: medium Tmut miscast
  7163 | D:1      | Noticed a centaur warrior
  7235 | D:2      | XOM: polymorph dart slug -> quokka
  7240 | D:2      | XOM: potion effect (invisibility)
  7247 | D:2      | Reached skill level 1 in Axes
  8104 | D:1      | XOM: god gift: 51 gold pieces
  8349 | D:1      | XOM: summons 3 hostile shadow creatures
  8350 | D:1      | Noticed a death knight
  8350 | D:1      | Noticed a wraith
  8350 | D:1      | Noticed a phantasmal warrior
  8350 | D:1      | Noticed a skeletal warrior
  8350 | D:1      | Noticed a flayed ghost
  8640 | D:1      | XOM is BORED!
  9168 | D:2      | XOM: noise
  9635 | D:2      | XOM: silly message
 10066 | D:2      | XOM: harmless Conj miscast
 10785 | D:2      | XOM: silly message
 10789 | D:2      | XOM: harmless Pois miscast
 11212 | D:2      | XOM: harmless Air miscast
 11250 | D:2      | XOM: divination: detect items
 11292 | D:2      | XOM: silly message
 11353 | D:2      | XOM is BORED!
 11353 | D:2      | XOM: harmless Erth miscast
 12135 | D:2      | XOM: mild Chrm miscast
 12171 | D:2      | XOM is BORED!
 12171 | D:2      | XOM: mild Pois miscast
 13087 | D:2      | XOM: harmless Ice miscast
 13093 | D:2      | XOM: medium Air miscast
 13487 | D:2      | XOM: summons 2 hostile demons
 13488 | D:2      | Noticed a red devil
 13497 | D:3      | XOM: summons 2 hostile demons
 13506 | D:3      | HP: 1/35 [shadow imp[Xom] (1)]
 14731 | D:2      | XOM is BORED!
 14731 | D:2      | XOM: summons 3 hostile shadow creatures
 14732 | D:2      | Noticed a red ugly thing
 14918 | D:2      | XOM: mild Tmut miscast
 15136 | D:2      | XOM: mild Ice miscast
 15440 | D:2      | XOM: cloud trail
 15497 | D:2      | XOM: 2-stop teleportation journey
 15498 | D:2      | Noticed a five-headed hydra
 15506 | D:2      | Noticed a satyr
 15506 | D:2      | a five-headed hydra changed into a satyr
 15506 | D:2      | XOM: polymorph five-headed hydra -> satyr
 15512 | D:2      | XOM: summons friendly iron imp
 15519 | D:2      | XOM: cleaving
 15527 | D:2      | XOM: swap monsters
 15528 | D:2      | XOM: butterfly on damage
 15533 | D:2      | Mangled by a satyr

Vault maps used:
D:1:      dpeg_arrival_another_circle, fountainhead, minivault_24
D:2:      kiku_gazebo_garden_becter, minmay_fountain_box
D:3:      nicolae_overflow_hidden_temple, minitemple, first_bread

Skill      XL: |  1  2  3  4 |
---------------+-------------+-----
Long Blades    | 3 4 |  4.1
Axes           | 1 |  1.7
Fighting       | |  3.0
Armour         | |  1.5
Dodging        | |  0.7

Action                   |  1- 3 |  4- 6 || total
-------------------------+-------+-------++-------
Melee: Falchion          |    83 |    13 ||    96
       Broad axe         |       |   123 ||   123
  Use: Scroll            |       |     5 ||     5
 Stab: Paralysed         |     1 |       ||     1
       Invisible         |       |     2 ||     2
       Distracted        |       |     1 ||     1
Armor: Leather armour    |    43 |    90 ||   133
Dodge: Dodged            |    44 |   162 ||   206
       Rpst.: Falchion   |    10 |     4 ||    14
